 Dungeon Crawl Stone Soup version 0.19.5 (webtiles) character file.

332 JeffiDaFish the Skirmisher (level 6, -2/40 HPs)
             Began as a Gargoyle Fighter on Mar 11, 2017.
             Was an Initiate of Okawaru.
             Slain by a slave (6 damage)
             ... led by Pikel
             ... on level 5 of the Dungeon.
             The game lasted 00:12:14 (3662 turns).

JeffiDaFish the Skirmisher (Gargoyle Fighter)       Turns: 3662, Time: 00:12:14

Health: -2/40      AC:  5    Str: 19      XL:     6   Next: 52%
Magic:  6/6        EV:  5    Int:  9      God:    Okawaru [......]
Gold:   172        SH:  9    Dex:  9 (11) Spells: 0 memorised, 5 levels left

rFire  + . .     SeeInvis .     m - +2 flail (distort)
rCold  . . .     Gourm    .     j - +0 chain mail
rNeg   + . .     Faith    .     c - +0 shield
rPois  ∞         Spirit   .     (no helmet)
rElec  +         Reflect  .     (no cloak)
rCorr  .         Harm     .     (no gloves)
MR     .....                    (no boots)
Stlth  ..........               (no amulet)
                                (no ring)
                                i - ring of protection from fire

@: corroded
A: negative energy resistance 1, electricity resistance, unbreathing,
petrification resistance, rot immunity, AC +4
a: Renounce Religion


You were on level 5 of the Dungeon.
You worshipped Okawaru.
Okawaru was noncommittal.
You were very hungry.

You visited 2 branches of the dungeon, and saw 6 of its levels.

You collected 172 gold pieces.

Inventory:

Hand Weapons
 m - a +2 flail of distortion (weapon)
Armour
 c - a +0 shield (worn)
 j - a +0 chain mail (worn)
Jewellery
 i - a ring of protection from fire (left hand)
Scrolls
 e - a scroll of amnesia
 n - 4 scrolls of remove curse
 o - 2 scrolls of identify
 p - a scroll of recharging
 r - a scroll of magic mapping
Potions
 a - a potion of agility {unknown}
 d - 3 potions of might
 q - 2 potions of curing
Comestibles
 f - 5 bread rations
 g - a royal jelly
 k - 4 fruits
 l - 2 beef jerkies
 s - a slice of pizza


   Skills:
 + Level 4.8 Fighting
   Level 3.1 Short Blades
 * Level 2.0 Maces & Flails
 + Level 4.1 Armour
 - Level 0.8 Dodging
 + Level 4.7 Shields


You had 5 spell levels left.
You didn't know any spells.

Dungeon Overview and Level Annotations

Branches:
Dungeon (5/15)             Temple (1/1) D:4

Altars:
Dithmenos
Gozag
Okawaru
Sif Muna
Uskayaw

Annotations:
D:5 Edmund, Pikel


Innate Abilities, Weirdness & Mutations

You are resistant to torment.
Your stone body is resilient. (AC +4)
You are immune to poison.
You resist negative energy. (rN+)
You are resistant to electric shocks. (rElec)
You can survive without breathing.
You are immune to petrification.
You are immune to rotting.


Message History

You hit Pikel.
Space bends around Pikel.
Pikel is severely wounded.
You block the slave's attack. The slave hits you but does no damage.
Pikel hits you with a whip of electrocution.
* * * LOW HITPOINT WARNING * * *
The slave hits you but does no damage.
You are too injured to fight recklessly!
You miss Pikel.
Pikel is severely wounded.
The slave hits you but does no damage.
Pikel hits you with a whip of electrocution.
* * * LOW HITPOINT WARNING * * *
The slave hits you but does no damage. x2; The slave hits you.
* * * LOW HITPOINT WARNING * * *
Pikel hits you with a whip of electrocution.
* * * LOW HITPOINT WARNING * * *
You miss Pikel.
Pikel is severely wounded.
You block the slave's attack. The slave hits you.
You die...

.... ....###########
..............### ###
.......?........ ...
..............# ....
(..(.....J....# .....
......ppK.[...##.....
#...@p.†...#......
#########.........
#..#####. ######..#
........# ###
........# ....
........# #....
........###......
...........>.....


You could see Pikel, 3 slaves and a jelly.

Vanquished Creatures
  A slave (D:5)
  A scorpion (D:4)
  A quasit (D:5)
  An orc priest (D:3)
  6 adders
  4 gnolls (D:3)
  3 oozes
  2 worms
  8 leopard geckos
  2 orcs (D:3)
  2 ball pythons (D:3)
  10 bats
  2 giant cockroaches
  10 goblins
  5 hobgoblins
  5 jackals
  3 frilled lizards
  7 kobolds
  10 rats
83 creatures vanquished.

Vanquished Creatures (others)
  A bullfrog zombie (D:5)
  A dart slug (D:3)
2 creatures vanquished.

Grand Total: 85 creatures vanquished

Notes
Turn   | Place    | Note
-------+----------+-------------------------------------------
     0 | D:1      | JeffiDaFish the Gargoyle Fighter began the quest for the Orb.
     0 | D:1      | Reached XP level 1. HP: 14/14 MP: 1/1
   257 | D:1      | Reached XP level 2. HP: 19/20 MP: 2/2
   436 | D:1      | Reached XP level 3. HP: 24/24 MP: 3/3
  1139 | D:2      | Reached XP level 4. HP: 29/29 MP: 4/4
  1689 | D:2      | Found a hide-covered altar of Uskayaw.
  1693 | D:2      | Found a deep blue altar of Sif Muna.
  1775 | D:2      | You fall through a shaft for 2 floors!
  1820 | D:4      | Found a shadowy altar of Dithmenos.
  2030 | D:3      | Reached XP level 5. HP: 28/33 MP: 5/5
  2509 | D:3      | Reached skill level 1 in Maces & Flails
  3128 | D:4      | Reached XP level 6. HP: 39/39 MP: 6/6
  3262 | D:4      | Found a staircase to the Ecumenical Temple.
  3268 | Temple   | Entered the Ecumenical Temple
  3300 | Temple   | Became a worshipper of Warmaster Okawaru
  3544 | D:5      | Entered Level 5 of the Dungeon
  3558 | D:5      | Noticed Edmund
  3636 | D:5      | Noticed Pikel
  3636 | D:5      | Noticed a slave
  3636 | D:5      | Noticed a slave
  3637 | D:5      | Noticed a slave
  3637 | D:5      | Noticed a slave
  3641 | D:5      | Killed a slave
  3662 | D:5      | Slain by a slave

Skill      XL: |  1  2  3  4  5  6 |
---------------+-------------------+-----
Short Blades   | 2 3 |  3.1
Fighting       | 4 |  4.8
Shields        | 4 |  4.7
Maces & Flails | 1 2 |  2.0
Armour         | 4 |  4.1
Dodging        | |  0.8

Action                   |  1- 3 |  4- 6 || total
-------------------------+-------+-------++-------
Melee: Rapier            |   145 |    75 ||   220
       Flail             |       |   114 ||   114
  Use: Scroll            |     2 |     7 ||     9
       Potion            |     4 |     2 ||     6
  Eat: Chunk             |     1 |     7 ||     8
Armor: Scale mail        |    79 |    40 ||   119
       Chain mail        |       |    98 ||    98
Dodge: Dodged            |    51 |    60 ||   111
Block: Shield            |    62 |   117 ||   179
